 Dungeon Crawl Stone Soup version 0.30-a0-172-gc5509c9e31 (webtiles) character file.

Game seed: 5153465487921504520

196 qw the Chopper (level 5, -1/33 HPs)
             Began as a Gargoyle Fighter on Oct 1, 2022.
             Slain by a gnoll
             ... wielding a +0 halberd
              (5 damage)
             ... on level 3 of the Dungeon.
             The game lasted 00:01:01 (2665 turns).

qw the Chopper (Gargoyle Fighter)                   Turns: 2665, Time: 00:01:02

Health: -1/33      AC: 10    Str: 22    XL:     5   Next: 74%
Magic:  5/5        EV:  9    Int:  8    God:
Gold:   128        SH:  4    Dex:  9    Spells: 4/4 levels left

rFire   . . .      SeeInvis .    Y - +0 war axe
rCold   . . .      Faith    .    c - +0 buckler
rNeg    + . .      Spirit   .    b - +0 scale mail
rPois   inf        Reflect  .    (no helmet)
rElec   +          Harm     .    (no cloak)
rCorr   .          Rampage  .    (no gloves)
Will    .....                    (no boots)
Stlth   ..........               (no amulet)
HPRegen 0.25/turn                (no ring)
MPRegen 0.09/turn                (no ring)

@: no status effects
A: sickness immunity, AC +4, negative energy resistance 1, electricity
resistance, torment resistance 1, petrification resistance
a: no special abilities


You were on level 3 of the Dungeon.
You visited 1 branch of the dungeon, and saw 3 of its levels.

You collected 128 gold pieces.


Innate Abilities, Weirdness & Mutations

You are immune to sickness and miasma.
Your stone body is resilient. (AC +4)
You are immune to poison.
You resist negative energy. (rN+)
You are resistant to electric shocks. (rElec)
You are resistant to unholy torment.
You are immune to petrification.


   Skills:
 + Level 3.7 Fighting
 - Level 5.0 Axes
 - Level 3.2 Armour
 - Level 3.2 Shields


You had 4 spell levels left.
You didn't know any spells.
Your spell library was empty.

Inventory:

Hand Weapons
 n - a +0 mace
 Y - a +0 war axe (weapon)
Armour
 b - a +0 scale mail (worn)
 c - a +0 buckler (worn)
 h - a +1 chain mail of poison resistance
Jewellery
 r - a ring of ice
Scrolls
 a - 2 scrolls of amnesia {unknown}
 i - 2 scrolls of enchant armour
 k - a scroll of fear {unknown}
 m - 2 scrolls of enchant weapon {unknown}
 o - a scroll of teleportation {unknown}
 q - a scroll of identify
Potions
 d - a potion of might
 e - a potion of ambrosia {unknown}
 f - a potion of attraction {unknown}
 g - a potion of magic {unknown}
 j - a potion of mutation {unknown}
 l - a potion of lignification {unknown}
 p - a potion of brilliance {unknown}

Dungeon Overview and Level Annotations

Branches:
Dungeon (3/15)

Altars:


Message History

2 gnolls come into view.
The gnoll shouts!
The gnoll barely misses you.
You hit the gnoll but do no damage. You block the gnoll's attack.
The gnoll hits you with a +0 halberd.
You barely miss the gnoll. The gnoll hits you with a +0 halberd.
You hit the gnoll but do no damage. You barely miss the gnoll.
You block the gnoll's attack. The gnoll closely misses you.
You hit the gnoll.
The gnoll is moderately wounded.
You hit the gnoll but do no damage. The gnoll barely misses you.
The gnoll hits you with a +0 flail. The gnoll barely misses you.
The gnoll closely misses you.
You completely miss the gnoll.
The gnoll is moderately wounded.
You hit the gnoll but do no damage. The gnoll hits you with a +0 flail.
The gnoll hits you but does no damage.
You slash the gnoll!
You kill the gnoll!
You closely miss the gnoll. The gnoll barely misses you.
You closely miss the gnoll. You barely miss the gnoll.
The gnoll barely misses you. The gnoll hits you with a +0 club.
You hit the gnoll.
The gnoll is moderately wounded.
You barely miss the gnoll. The gnoll completely misses you.
The gnoll hits you but does no damage. The gnoll hits you with a +0 club.
The gnoll hits you with a +0 halberd!
You slash the gnoll!
You kill the gnoll!
You hit the gnoll. The gnoll hits you but does no damage.
You hit the gnoll but do no damage.
The gnoll is lightly wounded.
The gnoll barely misses you.
You closely miss the gnoll.
The gnoll is lightly wounded.
You block the gnoll's attack. The gnoll hits you with a +0 halberd.
You die...

......# #####.#####
####.## #...#.#....
#.# #.#.#.#?### ####.#
#.#.#.#...# .....#
#.###.##### ####.#
#...)...... #
##.#############
###########
###......>...[.)g#
###...#
.......#########@#####
#...#.# ###...##
#.........# #.#.#.#
####.## #.###.###.#
#.#.### .....# #.# #.#
#.# ###.... ####.# #.#
#.# #.# ###### ##'##
#.# #.# #.# #.#
##...## #.# #.# #.#
#.# ##.....## #.###.#
#.# #.# #.......##
#.#.#.###.# ####.##


You could see a gnoll.

Vanquished Creatures
  Terence (D:3)
  Natasha (twice) (D:3)
  3 adders
  3 gnolls
  2 dart slugs
  4 orcs (D:3)
  5 ball pythons
  8 bats
  2 endoplasms (D:1)
  2 giant cockroaches
  5 goblins
  4 hobgoblins
  7 jackals
  5 quokkas
  A frilled lizard (D:1)
  A kobold (D:1)
  4 rats
59 creatures vanquished.

Notes
Turn   | Place    | Note
-------+----------+-------------------------------------------
     0 | D:1      | qw the Gargoyle Fighter began the quest for the Orb.
     0 | D:1      | Reached XP level 1. HP: 14/14 MP: 1/1
     0 | D:1      | 0 ||| qw: Version: 0.2-a-13-gfc7b4b4
     0 | D:1      | 0 ||| qw: Game counter: 1771
     0 | D:1      | 0 ||| qw: Always use a shield: true
     0 | D:1      | 0 ||| qw: God list: Okawaru
     0 | D:1      | 0 ||| qw: Allow faded altars: false
     0 | D:1      | 0 ||| qw: Do Orc after D:15 true
     0 | D:1      | 0 ||| qw: Do second Lair branch before Depths: true
     0 | D:1      | 0 ||| qw: Lair rune preference: random
     0 | D:1      | 0 ||| qw: Plans: Normal, Zot:1-4, God:TSO, Crypt, Tomb,
                  | Pan, Slime:5, Hells, Abyss, Orb
     0 | D:1      | 0 ||| PLANNING D:1-11
    48 | D:1      | Reached skill level 2 in Axes
    48 | D:1      | Reached XP level 2. HP: 8/19 MP: 2/2
   131 | D:1      | 131 ||| Stepping ~*~*~tactically~*~*~ (hiding).
   333 | D:1      | 333 ||| Stepping ~*~*~tactically~*~*~ (stealth).
   352 | D:1      | Reached skill level 3 in Axes
   435 | D:1      | Reached XP level 3. HP: 23/23 MP: 3/3
   707 | D:1      | 707 ||| Stepping ~*~*~tactically~*~*~ (stealth).
   808 | D:1      | 808 ||| Stepping ~*~*~tactically~*~*~ (stealth).
   998 | D:1      | Found a faded altar of an unknown god.
  1059 | D:1      | 1059 ||| READING scroll labelled ZAGREC SAL.
  1060 | D:1      | 1060 ||| READING scroll labelled MYBEUF PONO.
  1061 | D:1      | 1061 ||| READING 2 scrolls labelled LIALATE ZOIPSI.
  1062 | D:1      | 1062 ||| READING scroll labelled KOFEGG PAQO.
  1097 | D:2      | 1097 ||| STAIRDANCE
  1148 | D:2      | 1148 ||| Stepping ~*~*~tactically~*~*~ (stealth).
  1160 | D:2      | Reached XP level 4. HP: 27/28 MP: 4/4
  1207 | D:2      | 1207 ||| Stepping ~*~*~tactically~*~*~ (hiding).
  1209 | D:2      | 1209 ||| Stepping ~*~*~tactically~*~*~ (hiding).
  1212 | D:2      | 1212 ||| Stepping ~*~*~tactically~*~*~ (hiding).
  1351 | D:2      | Reached skill level 4 in Axes
  1435 | D:2      | 1435 ||| DROPPING +0 club.
  1503 | D:2      | 1503 ||| Stepping ~*~*~tactically~*~*~ (stealth).
  1515 | D:2      | 1515 ||| READING 3 scrolls labelled MEURIUX OMOGUON.
  1516 | D:2      | 1516 ||| READING scroll labelled COAFUE ALEEHIO.
  1517 | D:2      | 1517 ||| READING scroll labelled APOJYC FINA.
  1518 | D:2      | 1518 ||| DROPPING 2 scrolls of immolation.
  1656 | D:3      | Noticed Terence
  1670 | D:3      | Killed Terence
  1756 | D:3      | Reached XP level 5. HP: 27/32 MP: 5/5
  1869 | D:3      | Noticed Natasha
  1870 | D:3      | 1870 ||| Stepping ~*~*~tactically~*~*~ (hiding).
  1877 | D:3      | Killed Natasha
  2376 | D:3      | Noticed Natasha
  2377 | D:3      | 2377 ||| Stepping ~*~*~tactically~*~*~ (stealth).
  2378 | D:3      | 2378 ||| Stepping ~*~*~tactically~*~*~ (stealth).
  2395 | D:3      | Killed Natasha
  2396 | D:3      | Reached skill level 5 in Axes
  2648 | D:3      | 2648 ||| Stepping ~*~*~tactically~*~*~ (hiding).
  2662 | D:3      | HP: 3/32 [gnoll/+0 halberd (13)]
  2665 | D:3      | Slain by a gnoll

Levels and vault maps discovered:
D:1:      heliophobic_arrival_glass_houses, layout_loops_ring,
          shapermc_ecumenical_altar_pompeii
D:2:      layout_rooms
D:3:      mumra_celtic_spiral_tile, layout_loops_corners, uniq_natasha,
          uniq_terence

Skill      XL: |  1  2  3  4  5 |
---------------+----------------+-----
Axes           | 2 3 4 5 |  5.0
Fighting       | |  3.7
Armour         | |  3.2
Shields        | |  3.2

Action                   |  1- 3 |  4- 6 || total
-------------------------+-------+-------++-------
Melee: War axe           |   131 |   106 ||   237
  Use: Scroll            |     4 |     3 ||     7
Armor: Scale mail        |    67 |    46 ||   113
Dodge: Dodged            |    71 |    53 ||   124
Block: Buckler           |    29 |    26 ||    55

Table legend:
 A = Non-vault XP
 B = Vault XP
 C = Vault XP percentage of total XP
 D = Non-vault monster count
 E = Vault monster count
 F = Vault count percentage of total count
                 A         B        C        D         E       F
            +---------+---------+-------+---------+---------+-------
      Total |     211 |      69 |  24.6 |      57 |       2 |   3.4
            +---------+---------+-------+---------+---------+-------
        D:1 |      59 |       0 |   0.0 |      27 |       0 |   0.0
        D:2 |      44 |       0 |   0.0 |      17 |       0 |   0.0
        D:3 |     108 |      69 |  39.0 |      13 |       2 |  13.3
            +---------+---------+-------+---------+---------+-------
